 Dungeon Crawl Stone Soup version 0.28.0-43-g3370ac3207 (webtiles) character file.

Game seed: 714002549578254199

308 terff the Skirmisher (level 6, -4/56 HPs)
             Began as a Hill Orc Fighter on Apr 1, 2022.
             Was an Initiate of Okawaru.
             Slain by an iguana (9 damage)
             ... on level 4 of the Dungeon.
             The game lasted 00:06:10 (4186 turns).

terff the Skirmisher (Hill Orc Fighter)             Turns: 4186, Time: 00:06:11

Health: -4/56      AC: 16    Str: 19    XL:     6   Next: 40%
Magic:  6/6        EV:  5    Int:  8    God:    Okawaru [......]
Gold:   172        SH:  5    Dex: 12    Spells: 5/5 levels left

rFire   . . .      SeeInvis .   h - +3 whip
rCold   . . .      Faith    .   c - +0 buckler
rNeg    . . .      Spirit   .   m - +0 plate armour
rPois   .          Reflect  .   s - +1 helmet
rElec   .          Harm     .   (no cloak)
rCorr   .          Rampage  .   l - +0 pair of gloves
Will    .....                   v - +0 pair of boots
Stlth   ..........              q - amulet of magic regeneration
HPRegen 0.18/turn               (no ring)
MPRegen 0.50/turn               (no ring)

@: lethally poisoned (-4 -> -6)
A: no striking features
a: Renounce Religion, Convert to Beogh


You were on level 4 of the Dungeon.
You worshipped Okawaru.
Okawaru was noncommittal.
You visited 1 branch of the dungeon, and saw 5 of its levels.

You collected 172 gold pieces.

Inventory:

Hand Weapons
 a - a +0 war axe
 h - a +3 whip (weapon)
Armour
 c - a +0 buckler (worn)
 l - a +0 pair of gloves (worn)
 m - a +0 plate armour (worn)
 s - a +1 helmet (worn)
 v - a +0 pair of boots (worn)
Magical Staves
 t - a staff of death
Jewellery
 q - an amulet of magic regeneration (around neck)
Scrolls
 n - a scroll of teleportation
 o - a scroll of immolation
 u - a scroll of magic mapping
Potions
 b - a potion of ambrosia {unknown}
 d - a potion of might
 e - a potion of haste
 f - a potion of cancellation
 g - 2 potions of heal wounds
 i - a potion of resistance {unknown}
 j - 3 potions of curing {unknown}
 k - a potion of flight {unknown}
 p - a potion of mutation {unknown}
 r - a potion of magic {unknown}


   Skills:
 + Level 5.2 Fighting
 + Level 4.2(4.9) Axes
 + Level 3.0(3.8) Maces & Flails
 + Level 4.5 Armour
 + Level 0.4 Dodging
 + Level 0.1 Stealth
 + Level 4.0 Shields


You had 5 spell levels left.
You didn't know any spells.
Your spell library contained the following spells:

 Spells                   Type           Power      Damage    Failure   Level
 Sublimation of Blood     Necr           0%         N/A       100%        2
 Wereblood                Tmut           0%         N/A       100%        2
 Summon Hydra             Summ           Unusable   N/A       N/A         7

Dungeon Overview and Level Annotations

Branches:
Dungeon (5/15)
 Temple: D:4-7

Altars:
Okawaru
Ru


Message History

You closely miss the orc wizard.
The orc wizard is almost dead.
* * * LOW HITPOINT WARNING * * *
You feel very sick. The orc hits you but does no damage.
You block the orc wizard's attack.
You hit the orc wizard.
You kill the orc wizard!
Okawaru accepts your kill.
You feel sick. The orc hits you with a +0 flail.
* * * LOW HITPOINT WARNING * * *
Your Maces & Flails skill increases to level 3!
Your Shields skill increases to level 4!
You feel much better.
You feel very sick. The orc hits you but does no damage.
The iguana closely misses you.
You hit the orc.
The orc is heavily wounded.
You feel sick. The orc barely misses you. The iguana barely misses you.
The orc priest shouts, "Join the one true god or die!"
You hit the orc.
The orc is almost dead.
You feel sick. You block the orc's attack.
The iguana bites you but does no damage.
You hit the orc.
You kill the orc!
Okawaru accepts your kill.
You feel sick. You block the iguana's attack.
You feel sick.
The orc priest mumbles some strange prayers to Beogh against you.
Beogh smites you!
* * * LOW HITPOINT WARNING * * *
There is a stone staircase leading down, spattered with blood here.
Things that are here:
a +0 flail; a +0 leather armour You feel sick.
The orc priest mumbles some strange prayers to Beogh against you.
Beogh smites you!
* * * LOW HITPOINT WARNING * * *
The iguana bites you!
You die...

...#########.# #..(# #.#....
.............#### #lo.# #)#....
.......#####....#####{..###.#.#..
.......# #..#..................
..#....# #.......o..........##.
.......# #..#..................
.......#####.##.###.#...#.####.#.
.............##.###.#...#.# .#.
######.†........@l)o#...#.# .#.
.......##.#####.###.#...#.# .##
.#####.##.# #.# #.....#.# .#
..####.##.# #.###.......#
.#.†......# #..........##
..####.#### ###........# .....<.#
#..####..# ######## #..# .....
.... ..###


You could see an iguana and an orc priest.

Vanquished Creatures
  3 jellies
  An iguana (D:5)
  An orc wizard (D:4)
  Robin (D:2)
  A gnoll (D:3)
  4 adders
  3 worms
  4 dart slugs
  2 orcs
  3 ball pythons
  13 endoplasms
  A giant cockroach (D:2)
  7 hobgoblins
  15 kobolds
  2 quokkas
  3 bats
  8 frilled lizards
  18 goblins
  7 rats
97 creatures vanquished.

Vanquished Creatures (others)
  3 fungi (D:2)
  3 plants (D:1)
  9 toadstools (D:2)
15 creatures vanquished.

Grand Total: 112 creatures vanquished

Notes
Turn   | Place    | Note
-------+----------+-------------------------------------------
     0 | D:1      | terff the Hill Orc Fighter began the quest for the Orb.
     0 | D:1      | Reached XP level 1. HP: 19/19 MP: 1/1
    83 | D:1      | Reached XP level 2. HP: 23/27 MP: 2/2
   137 | D:1      | Reached skill level 4 in Fighting
   428 | D:1      | Found a faded altar of an unknown god.
  1286 | D:1      | Reached XP level 3. HP: 33/33 MP: 3/3
  1545 | D:2      | Reached XP level 4. HP: 28/40 MP: 4/4
  1574 | D:3      | Found a sacrificial altar of Ru.
  1625 | D:2      | Reached skill level 1 in Maces & Flails
  1839 | D:2      | Reached XP level 5. HP: 47/47 MP: 5/5
  1933 | D:2      | Noticed Robin
  1942 | D:2      | Killed Robin
  3059 | D:3      | Found an iron altar of Okawaru.
  3085 | D:3      | Became a worshipper of Warmaster Okawaru
  3670 | D:4      | Reached skill level 5 in Fighting
  3670 | D:4      | Reached XP level 6. HP: 53/56 MP: 6/6
  3853 | D:5      | Entered Level 5 of the Dungeon
  3857 | D:5      | HP: 2/56 [iguana (5)]
  4186 | D:4      | Slain by an iguana

Illustrated notes

Levels and vault maps discovered:
D:1:      pf_arrival_petrified_forest, layout_basic,
          shapermc_ecumenical_altar_gd, minmay_pentomino_z4
D:2:      cheibrodos_fertilizer, layout_basic, uniq_robin
D:3:      layout_loops_ring, mainiacjoe_overflow_boulevard,
          okawaru_altar_gauntlet_db
D:4:      layout_loops_cross, minmay_temple_entry_hall
D:5:      layout_basic

Skill      XL: |  1  2  3  4  5  6 |
---------------+-------------------+-----
Fighting       | 4 5 |  5.2
Axes           | 3 4 |  4.2
Maces & Flails | 1 2 3 |  3.0
Armour         | 4 |  4.5
Shields        | 4 |  4.0
Dodging        | |  0.4
Stealth        | |  0.1

Action                   |  1- 3 |  4- 6 || total
-------------------------+-------+-------++-------
Melee: War axe           |    87 |    11 ||    98
       Whip              |     9 |   145 ||   154
  Use: Scroll            |     4 |     2 ||     6
       Potion            |       |     2 ||     2
Armor: Scale mail        |    40 |       ||    40
       Plate armour      |    30 |   152 ||   182
Dodge: Dodged            |    53 |    41 ||    94
Block: Buckler           |    30 |    48 ||    78
